 Dungeon Sprint DCSS version 0.18-a0-1303-g41c131c (webtiles) character file.

207757 Kidiri the Imperceptible (level 16, -5/88 HPs)
             Began as a Spriggan Enchanter on Feb 12, 2016.
             Was a High Priest of Dithmenos.
             Killed from afar by Nikola (27 damage)
             ... with a chain lightning
             ... in the Dungeon (Sprint III: "The Ten Rune Challenge").
             The game lasted 01:23:52 (13888 turns).

Kidiri the Imperceptible (Spriggan Enchanter)      Turns: 13888, Time: 01:23:52

Health: -5/88      AC:  4    Str:  7    XL:     16   Next: 83%
Magic:  14/38      EV: 42    Int: 22    God:    Dithmenos [*****.]
Gold:   4697       SH: 13    Dex: 23    Spells: 13 memorised, 5 levels left

rFire  + + +     SeeInvis +     u - +8 rapier "Mud Pie of Death" {holy, rF+ MR+ Stlth+}
rCold  + + +     Gourm    .     J - +1 robe {rC+ rF+}
rNeg   . . .     Faith    .     l - +0 buckler of the Imp {*Drain rC++ Regen+ Str+3}
rPois  +         Spirit   .     k - +0 hat of Parlour Games {MR+ Stlth+}
rElec  .         Dismiss  .     h - +0 cloak "Wossenef" {rPois Dex+3}
rCorr  .         Reflect  +     (gloves unavailable)
SustAt .         Harm     .     (boots unavailable)
MR     ++++.     NoTele   +     d - +3 amulet of reflection
Stlth  ++++++++++               E - ring "Woqo" {+Inv rPois rF+ rC++}
                                N - ring of flight

@: very slightly contaminated, wreathed by umbra, deflect missiles, invisible,
very quick, incredibly resistant to hostile enchantments, uncannily stealthy
A: unfitting armour, hooves 1, see invisible, clever 1, deformed body, herbivore
3, speed 3, low mp 1, slow metabolism 2
a: Shadow Step, Shadow Form, Renounce Religion, Evoke Flight
}: 4/10 runes: serpentine, barnacled, silver, golden


You were in the Dungeon.
You worshipped Dithmenos.
Dithmenos was extremely pleased with you.
You were not hungry.

You visited 1 branch You collected 7103 gold pieces.
You spent 2406 gold pieces at shops.

Inventory:

Hand Weapons
 r - the +10 rapier of Iron {pain, rF- MR+ Int+3}
   (You found it in the Dungeon)

   In the hands of one skilled in necromantic magic, it inflicts extra damage on
   living creatures.
   It affects your intelligence (+3).
   It makes you vulnerable to fire.
   It affects your resistance to hostile enchantments.
 u - the +8 rapier "Mud Pie of Death" (weapon) {holy, rF+ MR+ Stlth+}
   (You found it in the Dungeon)

   It has been blessed by the Shining One to cause great damage to the undead
   and demons.
   It protects you from fire.
   It affects your resistance to hostile enchantments.
   It makes you more stealthy.
Missiles
 w - 10 throwing nets (quivered)
Armour
 h - the +0 cloak "Wossenef" (worn) {rPois Dex+3}
   (You acquired it in the Dungeon)

   It affects your dexterity (+3).
   It protects you from poison.
 k - the +0 hat of Parlour Games (worn) {MR+ Stlth+}
   (You found it in the Dungeon)

   It affects your resistance to hostile enchantments.
   It makes you more stealthy.
 l - the +0 buckler of the Imp (worn) {*Drain rC++ Regen+ Str+3}
   (You acquired it in the Dungeon)

   It affects your strength (+3).
   It greatly protects you from cold.
   It increases your rate of regeneration.
   It causes draining when unequipped.
 J - a +1 robe of resistance (worn)
Jewellery
 b - an uncursed amulet of faith
 d - a +3 amulet of reflection (around neck)
 B - an uncursed ring of protection from fire
 C - the ring "Riev Qyi" {Int+5 Stlth+}
   (You took it off a deep elf master archer in the Dungeon)

   [ring of stealth]

   It affects your intelligence (+5).
   It makes you more stealthy.
 E - the ring "Woqo" (right hand) {+Inv rPois rF+ rC++}
   (You found it in the Dungeon)

   [ring of protection from fire]

   It protects you from fire.
   It greatly protects you from cold.
   It protects you from poison.
   It lets you turn invisible.
 F - the ring of the Briny Deep {Ice MP+9 Str+2}
   (You acquired it in the Dungeon)

   [ring of ice]

   It enhances your ice magic, and weakens your fire magic.
   It affects your strength (+2).
   It makes you vulnerable to fire.
   It protects you from cold.
   It affects your magic capacity (+9).
 I - the ring "Nynunah" {Fire Int+5 Stlth+}
   (You acquired it in the Dungeon)

   [ring of fire]

   It enhances your fire magic, and weakens your ice magic.
   It affects your intelligence (+5).
   It protects you from fire.
   It makes you vulnerable to cold.
   It makes you more stealthy.
 M - an uncursed ring of positive energy
 N - a ring of flight (left hand)
Wands
 a - a wand of hasting (5/9)
 y - a wand of teleportation (5/9)
 z - a wand of heal wounds (3/9)
 G - a wand of disintegration (3/24)
 X - a wand of heal wounds (7/9)
Scrolls
 f - 2 scrolls of amnesia
 j - 3 scrolls of blinking
 m - 3 scrolls of torment
 q - a scroll of holy word
 A - 6 scrolls of identify
 D - 3 scrolls of silence
 H - a scroll of enchant weapon
 K - 2 scrolls of recharging
Potions
 c - a potion of might
 e - 2 potions of curing
 g - a potion of haste
 i - 5 potions of berserk rage
 o - a potion of brilliance
 p - 5 potions of flight
 s - 2 potions of cure mutation
 v - a potion of invisibility
 x - 2 potions of resistance
Books
 Y - a book of Enchantments

   Spells                             Type                      Level
   a - Cause Fear                     Hexes                        4
   b - Yara's Violent Unravelling     Hexes/Transmutation          5
   c - Silence                        Hexes/Air                    5
   d - Deflect Missiles               Charms/Air                   6
   e - Haste                          Charms                       6
   f - Discord                        Hexes                        8
Comestibles
 n - 25 royal jellies
 t - 6 fruits


   Skills:
 + Level 11.8 Fighting
 * Level 20.1 Short Blades
 + Level 10.9 Armour
 * Level 24.8 Dodging
 * Level 26.5 Stealth
 * Level 10.4 Shields
 * Level 21.6 Spellcasting
 + Level 10.7 Conjurations
 + Level 16.1 Hexes
 + Level 12.2 Charms
 + Level 12.9 Translocations
 + Level 12.1 Transmutations
 + Level 11.6 Ice Magic
 + Level 8.1 Air Magic
 + Level 8.8 Earth Magic
 - Level 2.0 Invocations
 + Level 11.3 Evocations


You had 5 spell levels left.
You knew the following spells:

 Your Spells              Type           Power        Failure   Level  Hunger
a - Corona                Hex            #######      0%          1    None
b - Ensorcelled Hibernat  Hex/Ice        ######       0%          2    None
c - Confuse               Hex            #######.     0%          3    None
d - Tukima's Dance        Hex            #######.     0%          3    None
e - Dazzling Spray        Conj/Hex       ######..     1%          3    None
f - Passwall              Trmt/Erth      ######....   1%          2    None
g - Passage of Golubria   Tloc           N/A          1%          4    None
h - Lee's Rapid Deconstr  Erth           ######....   1%          5    None
i - Darkness              Hex            #######...   1%          6    ###....
j - Invisibility          Hex            #######.     1%          6    ###....
k - Cause Fear            Hex            #######...   1%          4    None
l - Deflect Missiles      Chrm/Air       ######....   4%          6    ###....
m - Discord               Hex            #######...   17%         8    ######.


Dungeon Overview and Level Annotations

Branches:
Dungeon (1/1)

Altars:
Cheibriados
Dithmenos
Elyvilon
Fedhas
Gozag
Kikubaaqudgha
Makhleb
Nemelex Xobeh
Okawaru
Pakellas
Qazlal
Ru
Sif Muna
Trog
Vehumet
Xom
Yredelemnul
Zin
The Shining One
Jiyva
Lugonu

Shops:
D :%(![}(%}}%}=!((?[!%:=}?

Annotations:
D Nikola


Innate Abilities, Weirdness & Mutations

You are tiny and cannot use many weapons and most armour.
You have supernaturally acute eyesight.
You are a herbivore.
You cover ground extremely quickly.
You need consume almost no food.
You have large cloven feet.
Your mind is acute. (Int +2)
Armour fits poorly on your strangely shaped body.
Your magical capacity is low (-10% MP).


Message History

The lightning arc hits Nikola. x3; The lightning arc hits you!
Nikola shouts!
Drink which item? (? for menu, Esc to quit)
Okay, then.
Unknown command.
Unknown command.
Evoke which item? (* to show all) (? for menu, Esc to quit)
Zapping:
z - a wand of heal wounds (4/9)
Press: ? - help, Shift-Dir - straight line, f - you, p - Nikola You feel much better.
This wand has 3 charges left.
The electric eel is no longer blind.
Nikola mumbles some strange words.
You hear a mighty clap of thunder!
The lightning arc hits you!
* * * LOW HITPOINT WARNING * * *
The lightning arc hits Nikola.
The lightning arc hits the electric eel.
The electric eel completely resists.
The lightning arc hits Nikola.
The lightning arc hits you!
You die...

+#####.≈≈≈+#.##.####.▓..#..#.....
.%+∩∩#.≈≈.#..##......▓..#^^#^....
###∩∩#.≈≈(#######+###▓.^#..#+####
###..#..≈(#..+≈⌠,..≈D▓.^#..#.....
..+..+..≈≈+..#≈≈,≈.;.▓..+..#.....
###..#≈≈≈.#..#,≈,≈.;.▓###########
#∩#..#))..#..#,,,;..,************
..#..####'#######@###▓,+,,,,*,,+,
+##..#%#.#.#.#.#@#.#.▓,*,,,,*,**,
..+..+#.#.#.#.#§#§#.#▓,*,,,,*,,*≈
###..#.#.#.#.#§#.#§#.▓,**+****,*≈
,*#######▓▓▓▓▓▓▓▓▓▓▓▓▓,*,,,,*,,*,
,*,,,,,,,*,,,,+,,,,*,+,*,,,,*,**,
,*,,,,,,,*,,,,*,,,,*,***,,,,*,,**
,',,,,,,,+,,,,*,,,,*,*,+,,,,**,*,
,*,,,,,,,*,,,,*,,,,*,*,******,,*,
+*,,,,,,,*,,,,*,,,,*,*,,,,,,+,**,


You could see Nikola (wandering), a storm dragon (wandering) and 3 electric
eels.

Vanquished Creatures
  Mara (D)
  2 greater mummies (D)
  Boris (D)
  Norris (D)
  Sigmund (D)
  2 golden dragons (D)
  2 liches (D)
  Rupert (D)
  A titan (D)
  A quicksilver dragon (D)
  Polyphemus (D)
  A deep elf master archer (D)
  Gastronok (D)
  2 sphinxes (D)
  Chuck (D)
  An ancient champion (D)
  Ilsuiw (D)
  3 shadow dragons (D)
  A greater naga (D)
  Roxanne (D)
  Maud (D)
  A vampire knight (D)
  A stone giant (D)
  2 deep elf demonologists (D)
  Azrael (D)
  2 deep elf annihilators (D)
  2 dire elephants (D)
  A vault guard (D)
  Snorg (D)
  A merfolk javelineer (D)
  2 deep elf death magi (D)
  9 mummy priests (D)
  A fire dragon (D)
  3 yaktaur captains (D)
  A naga warrior (D)
  2 hydras (D)
  6 anacondas (D)
  An ogre mage (D)
  3 centaur warriors (D)
  4 death yaks (D)
  4 dancing weapons (D)
  An iron golem (D)
  2 titan zombies (D)
  2 deep elf knights (D)
  4 hell knights (D)
  An unseen horror (D)
  A shadow wraith (D)
  5 skeletal warriors (D)
  3 golden dragon zombies (D)
  An obsidian statue (D)
  A deep troll (shapeshifter) (D)
  A sea snake (D)
  A spriggan druid (D)
  A swamp dragon (shapeshifter) (D)
  An orange crystal statue (D)
  A death drake (D)
  A lindwurm (D)
  2 deep elf magi (D)
  An orc knight (D)
  5 ugly things (D)
  An anubis guard (shapeshifter) (D)
  A wolf spider (shapeshifter) (D)
  4 crystal guardians (D)
  2 hornets (D)
  2 oklob plants (D)
  A shining eye (shapeshifter) (D)
  2 elephants (D)
  A stone giant skeleton (D)
  4 black mambas (D)
  4 statues (D)
  A guardian serpent (D)
  A molten gargoyle (D)
  Edmund (D)
  2 spiny frogs (D)
  A komodo dragon (D)
  2 yaktaurs (D)
  A fire drake (D)
  A merfolk (shapeshifter) (D)
  A queen bee (D)
  13 guardian mummies (D)
  3 wandering mushrooms (D)
  2 giant leeches (D)
  4 spriggan defenders (D)
  8 blink frogs (D)
  An orc high priest (D)
  9 slime creatures (D)
  3 redbacks (D)
  2 spriggans (D)
  A shadow (D)
  2 nagas (D)
  A spatial vortex (D)
  2 iron troll simulacra (D)
  3 water moccasins (D)
  2 orc warriors (D)
  A swamp drake (D)
  A wasp (D)
  A necrophage (D)
  2 centaurs (D)
  An earth elemental (D)
  A water elemental (D)
  32 killer bees (D)
  A scorpion (D)
  An electric eel (D)
  A wizard (D)
  5 orc priests (D)
  A jelly (D)
  Jessica (D)
  2 necromancers (D)
  2 orc wizards (D)
  3 sheep (D)
  3 humans (D)
  A kobold demonologist (D)
  6 adders (D)
  A giant eyeball (D)
  An ooze (D)
  A ball lightning (D)
  4 orcs (D)
  2 rats (D)
  2 ballistomycetes (D)
  8 bushes (D)
  2 butterflies (D)
  3 plants (D)
289 creatures vanquished.

Vanquished Creatures (collateral kills)
  A golden dragon (D)
  A frost giant (D)
  A vampire knight (D)
  9 vault guards (D)
  A deep elf knight (D)
  A skeletal warrior (D)
  An orc sorcerer (D)
  2 orc warriors (D)
  An orc wizard (D)
  3 orcs (D)
  6 butterflies (D)
27 creatures vanquished.

Vanquished Creatures (others)
  2 draconian scorchers (D)
  Nessos (D)
  A mummy priest (D)
  6 vault guards (D)
  A deep elf mage (D)
  3 yaktaurs (D)
  4 guardian mummies (D)
  2 ball lightnings (D)
  A butterfly (D)
  5 giant spores (D)
  3 plants (D)
29 creatures vanquished.

Grand Total: 345 creatures vanquished

Notes
Turn   | Place    | Note
--------------------------------------------------------------
     0 | D        | Kidiri the Spriggan Enchanter began the quest for the Orb.
     0 | D        | Reached XP level 1. HP: 9/9 MP: 5/5
    14 | D        | Reached skill level 5 in Stealth
    32 | D        | Noticed Jessica
    38 | D        | Killed Jessica
    38 | D        | Reached skill level 1 in Fighting
    38 | D        | Reached skill level 1 in Armour
    38 | D        | Reached skill level 6 in Stealth
    38 | D        | Reached XP level 2. HP: 12/14 MP: 6/8
    38 | D        | Reached XP level 3. HP: 15/18 MP: 6/9
    42 | D        | Learned a level 2 spell: Ensorcelled Hibernation
    46 | D        | Learned a level 3 spell: Confuse
    50 | D        | Learned a level 3 spell: Dazzling Spray
    78 | D        | Noticed a scorpion
    81 | D        | Killed a scorpion
    81 | D        | Reached skill level 5 in Dodging
    81 | D        | Reached skill level 7 in Stealth
    81 | D        | Reached XP level 4. HP: 22/22 MP: 9/11
    86 | D        | Reached skill level 5 in Spellcasting
    86 | D        | Reached skill level 1 in Ice Magic
    95 | D        | Learned a level 3 spell: Tukima's Dance
   116 | D        | Gained mutation: Your spells are a little easier to cast, but a little less powerful. [potion of mutation]
   116 | D        | Gained mutation: Your magical capacity is low (-10% MP). [potion of mutation]
   116 | D        | Gained mutation: You are frail (-10% HP). [potion of mutation]
   118 | D        | Lost mutation: Your spells are a little easier to cast, but a little less powerful. [potion of mutation]
   118 | D        | Gained mutation: Your flesh is cold resistant. [potion of mutation]
   130 | D        | Noticed a water elemental
   133 | D        | Killed a water elemental
   133 | D        | Reached skill level 8 in Stealth
   133 | D        | Reached skill level 1 in Conjurations
   133 | D        | Reached skill level 5 in Hexes
   133 | D        | Reached XP level 5. HP: 23/23 MP: 11/13
   153 | D        | Noticed a shadow
   155 | D        | Killed a shadow
   155 | D        | Reached skill level 5 in Short Blades
   155 | D        | Reached skill level 9 in Stealth
   155 | D        | Reached XP level 6. HP: 25/28 MP: 15/15
   239 | D        | Killed a yaktaur
   258 | D        | Killed a white draconian scorcher
   290 | D        | Found an oddly glowing altar of Pakellas.
   290 | D        | Found a stormy altar of Qazlal.
   290 | D        | Found a sacrificial altar of Ru.
   290 | D        | Found a burning altar of Makhleb.
   290 | D        | Found a shimmering altar of Xom.
   290 | D        | Noticed a spatial vortex
   291 | D        | Found a viscous altar of Jiyva.
   291 | D        | Found a shadowy altar of Dithmenos.
   291 | D        | Found a sparkling altar of Nemelex Xobeh.
   291 | D        | Found a corrupted altar of Lugonu.
   291 | D        | Found an opulent altar of Gozag.
   295 | D        | Became a worshipper of Dithmenos the Shadowed
   308 | D        | Killed a white draconian scorcher
   523 | D        | Killed a spatial vortex
   523 | D        | Reached skill level 10 in Stealth
   523 | D        | Reached skill level 1 in Invocations
   633 | D        | Found a radiant altar of Vehumet.
   634 | D        | Found a deep blue altar of Sif Muna.
   634 | D        | Found an ancient bone altar of Kikubaaqudgha.
   687 | D        | Found an iron altar of Okawaru.
   688 | D        | Found a bloodstained altar of Trog.
   688 | D        | Noticed a human
   688 | D        | Noticed a human
   690 | D        | Killed a human
   690 | D        | Reached * piety under Dithmenos
   690 | D        | Reached XP level 7. HP: 32/32 MP: 17/17
   691 | D        | Killed a human
   691 | D        | Reached skill level 11 in Stealth
   743 | D        | Found a glowing silver altar of Zin.
   744 | D        | Found a glowing golden altar of the Shining One.
   744 | D        | Found a white marble altar of Elyvilon.
   744 | D        | Noticed a deep elf mage
   746 | D        | Killed a deep elf mage
   746 | D        | Reached skill level 10 in Dodging
   746 | D        | Reached XP level 8. HP: 37/37 MP: 20/20
   750 | D        | Lost mutation: You are frail (-10% HP). [potion of cure mutation]
   750 | D        | Lost mutation: Your flesh is cold resistant. [potion of cure mutation]
   750 | D        | Lost mutation: Your magical capacity is low (-10% MP). [potion of cure mutation]
   785 | D        | Found a snail-covered altar of Cheibriados.
   786 | D        | Found a basalt altar of Yredelemnul.
   786 | D        | Found a blossoming altar of Fedhas.
   787 | D        | Reached ** piety under Dithmenos
   787 | D        | Reached skill level 12 in Stealth
   812 | D        | Noticed Snorg
   828 | D        | Killed Snorg
   828 | D        | Reached skill level 13 in Stealth
   828 | D        | Reached skill level 10 in Spellcasting
   828 | D        | Reached XP level 9. HP: 46/46 MP: 7/24
   925 | D        | Noticed a centaur warrior
   928 | D        | Killed a centaur warrior
   928 | D        | Reached skill level 5 in Fighting
   929 | D        | Reached *** piety under Dithmenos
  1016 | D        | Noticed an unseen horror
  1018 | D        | Killed an unseen horror
  1018 | D        | Reached skill level 10 in Short Blades
  1018 | D        | Reached skill level 14 in Stealth
  1030 | D        | Noticed a queen bee
  1032 | D        | Killed a queen bee
  1032 | D        | Reached skill level 5 in Ice Magic
  1036 | D        | Reached **** piety under Dithmenos
  1038 | D        | Reached XP level 10. HP: 51/51 MP: 21/26
  1193 | D        | Reached ***** piety under Dithmenos
  1217 | D        | Reached skill level 5 in Armour
  1359 | D        | Reached ****** piety under Dithmenos
  1365 | D        | Reached skill level 15 in Stealth
  1715 | D        | Reached skill level 5 in Conjurations
  1874 | D        | Noticed a spiny frog
  1874 | D        | Noticed a spiny frog
  1877 | D        | Killed a spiny frog
  1883 | D        | Killed a spiny frog
  1973 | D        | Noticed a lindwurm
  1976 | D        | Killed a lindwurm
  1976 | D        | Reached skill level 16 in Stealth
  1978 | D        | Reached XP level 11. HP: 56/56 MP: 28/28
  1986 | D        | Noticed Maud
  1988 | D        | Killed Maud
  1988 | D        | Reached skill level 15 in Dodging
  1997 | D        | Noticed a four-headed hydra
  1997 | D        | Noticed a seven-headed hydra
  2000 | D        | Killed a seven-headed hydra
  2001 | D        | Killed a four-headed hydra
  2001 | D        | Reached skill level 17 in Stealth
  2001 | D        | Reached skill level 10 in Hexes
  2039 | D        | Noticed a death drake
  2041 | D        | Killed a death drake
  2063 | D        | Found a blossoming altar of Fedhas.
  2063 | D        | Noticed a spriggan druid
  2065 | D        | Killed a spriggan druid
  2100 | D        | Noticed an anaconda
  2100 | D        | Noticed an anaconda
  2104 | D        | Killed an anaconda
  2109 | D        | Killed an anaconda
  2161 | D        | Noticed an anaconda
  2162 | D        | Noticed an anaconda
  2163 | D        | Killed an anaconda
  2173 | D        | Reached skill level 18 in Stealth
  2177 | D        | Killed an anaconda
  2215 | D        | Noticed an anaconda
  2215 | D        | Noticed an anaconda
  2223 | D        | Killed an anaconda
  2223 | D        | Reached XP level 12. HP: 43/63 MP: 28/31
  2328 | D        | Killed an anaconda
  2368 | D        | Noticed a naga warrior
  2368 | D        | Noticed a greater naga
  2368 | D        | Found Joex's Distillery.
  2368 | D        | Found Afyr's Antique Armour Shoppe.
  2370 | D        | Found Mekonirph's Gadget Boutique.
  2371 | D        | Killed a greater naga
  2372 | D        | Killed a naga warrior
  2372 | D        | Reached skill level 15 in Spellcasting
  2397 | D        | Got a serpentine rune of Zot
  2492 | D        | Reached skill level 19 in Stealth
  2565 | D        | Noticed Rupert
  2570 | D        | Killed Rupert
  2589 | D        | Noticed a death yak
  2590 | D        | Noticed a death yak
  2591 | D        | Killed a death yak
  2592 | D        | Noticed an azure jelly
  2592 | D        | Noticed a death yak
  2592 | D        | Noticed an azure jelly
  2592 | D        | Noticed a death yak
  2593 | D        | Killed a death yak
  2596 | D        | Killed a death yak
  2598 | D        | Killed a death yak
  2603 | D        | Reached skill level 20 in Stealth
  2636 | D        | Noticed Polyphemus
  2637 | D        | Noticed Ilsuiw
  2638 | D        | Killed Polyphemus
  2638 | D        | Reached XP level 13. HP: 66/68 MP: 29/34
  2644 | D        | Killed Ilsuiw
  2644 | D        | Reached skill level 15 in Short Blades
  2683 | D        | Found Toquesae's Book Shoppe.
  2683 | D        | Found Uvoug's Food Boutique.
  2683 | D        | Found Tonuzamn's Antique Weapon Emporium.
  2683 | D        | Noticed a merfolk javelineer
  2691 | D        | Killed a merfolk javelineer
  2704 | D        | Got a barnacled rune of Zot
  2778 | D        | Noticed an azure jelly
  2778 | D        | Noticed an azure jelly
  2779 | D        | Noticed a dire elephant
  2779 | D        | Noticed a dire elephant
  2779 | D        | Noticed Gastronok
  2797 | D        | Killed a dire elephant
  2967 | D        | Killed a dire elephant
  3018 | D        | Killed Gastronok
  3018 | D        | Reached skill level 21 in Stealth
  3206 | D        | Found Xetupoul's Antique Weapon Boutique.
  3262 | D        | Bought a glowing dagger for 44 gold pieces
  3392 | D        | Bought a book of Burglary for 1050 gold pieces
  3395 | D        | Learned a level 2 spell: Passwall
  3400 | D        | Learned a level 4 spell: Passage of Golubria
  3406 | D        | Learned a level 5 spell: Lee's Rapid Deconstruction
  3413 | D        | Learned a level 6 spell: Darkness
  3420 | D        | Learned a level 6 spell: Invisibility
  3615 | D        | Bought a glowing dagger for 50 gold pieces
  3615 | D        | Bought a runed dagger for 50 gold pieces
  3767 | D        | Noticed a deep elf annihilator
  3792 | D        | Reached skill level 1 in Translocations
  3793 | D        | Reached skill level 1 in Transmutations
  3793 | D        | Reached skill level 1 in Earth Magic
  3795 | D        | HP: 1/70 [deep elf knight/shard of ice (31)]
  3972 | D        | Killed a deep elf annihilator
  3973 | D        | Noticed a deep elf annihilator
  3975 | D        | Noticed a deep elf demonologist
  4143 | D        | Noticed a deep elf demonologist
  4146 | D        | Noticed a deep elf death mage
  4146 | D        | Killed a deep elf demonologist
  4146 | D        | Reached skill level 1 in Shields
  4149 | D        | Killed a deep elf death mage
  4425 | D        | Noticed a deep elf death mage
  4434 | D        | Killed a deep elf death mage
  4437 | D        | Killed a deep elf demonologist
  4701 | D        | Killed a deep elf annihilator
  4716 | D        | Noticed a deep elf master archer
  4777 | D        | Killed a deep elf master archer
  4953 | D        | Got a heavily runed gossamer ring
  4989 | D        | Identified the Almanac of Ignition and the Compass
  5089 | D        | Identified the ring "Riev Qyi" {Int+5 Stlth+} (You took it off a deep elf master archer in the Dungeon)
  5107 | D        | Learned a level 4 spell: Cause Fear
  5114 | D        | Learned a level 6 spell: Deflect Missiles
  5246 | D        | Noticed Sigmund
  5246 | D        | Noticed Edmund
  5248 | D        | Killed Sigmund
  5248 | D        | Reached skill level 22 in Stealth
  5248 | D        | Reached skill level 1 in Air Magic
  5248 | D        | Reached XP level 14. HP: 75/75 MP: 31/36
  5249 | D        | Killed Edmund
  5367 | D        | Found Teumep's Antique Armour Emporium.
  5367 | D        | Found Xaosulu's Food Shop.
  5367 | D        | Found Orchiteh's Weapon Boutique.
  5367 | D        | Found Nosav's Magic Scroll Shoppe.
  5367 | D        | Found Piplas's Magic Scroll Boutique.
  5367 | D        | Found Huty's Distillery.
  5367 | D        | Found Owownirap's Antique Weapon Shoppe.
  5367 | D        | Found Hiatow's Gadget Shop.
  5367 | D        | Found Ucwiusso's Distillery.
  5367 | D        | Found Isatz's Jewellery Emporium.
  5367 | D        | Found Soorgh's Jewellery Emporium.
  5367 | D        | Found Utocimm's Book Boutique.
  5388 | D        | Bought a runed cloak for 112 gold pieces
  5399 | D        | Bought a scroll of identify for 28 gold pieces
  5399 | D        | Bought a scroll of identify for 28 gold pieces
  5399 | D        | Bought a scroll of blinking for 105 gold pieces
  5399 | D        | Bought 2 scrolls of identify for 56 gold pieces
  5399 | D        | Bought a scroll of blinking for 105 gold pieces
  5404 | D        | Bought a potion of heal wounds for 70 gold pieces
  5404 | D        | Bought a potion of mutation for 35 gold pieces
  5404 | D        | Gained mutation: Your magical capacity is low (-10% MP). [potion of mutation]
  5404 | D        | Gained mutation: You have large cloven feet. [potion of mutation]
  5404 | D        | Gained mutation: Your mind is acute. (Int +2) [potion of mutation]
  5407 | D        | Bought a scroll of identify for 26 gold pieces
  5407 | D        | Bought a scroll of identify for 26 gold pieces
  5520 | D        | Reached skill level 5 in Translocations
  5615 | D        | Reached skill level 5 in Transmutations
  5626 | D        | Got a brightly glowing rapier
  5626 | D        | Got a warped rapier
  5627 | D        | Identified the +10 rapier of Iron {pain, rF- MR+ Int+3} (You found it in the Dungeon)
  5628 | D        | Identified the +8 rapier "Mud Pie of Death" {holy, rF+ MR+ Stlth+} (You found it in the Dungeon)
  5796 | D        | Noticed Azrael
  5798 | D        | Killed Azrael
  5824 | D        | Got a crude storm dragon armour
  5835 | D        | Identified the +6 storm dragon armour of Pessimism {rElec Str+8} (You acquired it in the Dungeon)
  6134 | D        | Reached skill level 5 in Shields
  6176 | D        | Reached skill level 5 in Charms
  6905 | D        | Noticed Chuck
  6911 | D        | Killed Chuck
  6911 | D        | Reached skill level 5 in Evocations
  7095 | D        | Noticed Norris
  7100 | D        | Killed Norris
  7100 | D        | Reached skill level 10 in Fighting
  7100 | D        | Reached skill level 23 in Stealth
  7104 | D        | Reached skill level 5 in Earth Magic
  7194 | D        | Noticed a lich
  7197 | D        | Killed a lich
  7197 | D        | Reached skill level 10 in Ice Magic
  7209 | D        | Noticed a shadow dragon
  7209 | D        | Noticed a shadow dragon
  7216 | D        | Killed a shadow dragon
  7216 | D        | Reached XP level 15. HP: 79/79 MP: 31/35
  7217 | D        | Killed a shadow dragon
  7496 | D        | Noticed a lich
  7498 | D        | Killed a lich
  7498 | D        | Reached skill level 5 in Air Magic
  7515 | D        | Noticed a sphinx
  7515 | D        | Noticed a sphinx
  7517 | D        | Killed a sphinx
  7518 | D        | Killed a sphinx
  7643 | D        | Learned a level 8 spell: Discord
  8167 | D        | Reached skill level 24 in Stealth
  9070 | D        | Noticed a greater mummy
  9070 | D        | Noticed a greater mummy
  9079 | D        | Killed a greater mummy
  9079 | D        | Reached skill level 10 in Translocations
  9084 | D        | Killed a greater mummy
  9084 | D        | Reached skill level 10 in Armour
  9570 | D        | Killed Nessos
  9621 | D        | Got a golden rune of Zot
  9624 | D        | Got a distressingly furry hat
  9635 | D        | Identified the +0 hat of Parlour Games {MR+ Stlth+} (You found it in the Dungeon)
  9640 | D        | Got a heavily runed steel ring
  9646 | D        | Identified the Disquisition on Mutagenic Talismans
  9681 | D        | Identified the ring "Woqo" {+Inv rPois rF+ rC++} (You found it in the Dungeon)
 10058 | D        | Reached skill level 15 in Hexes
 10329 | D        | Noticed a golden dragon
 10329 | D        | Noticed a golden dragon
 10329 | D        | Noticed a frost giant
 10329 | D        | Noticed a shadow dragon
 10329 | D        | Noticed a titan
 10335 | D        | Killed a golden dragon
 10336 | D        | Killed a frost giant
 10337 | D        | Reached skill level 10 in Charms
 10337 | D        | Reached skill level 10 in Transmutations
 10340 | D        | Reached skill level 10 in Conjurations
 10351 | D        | Reached XP level 16. HP: 67/83 MP: 11/37
 10368 | D        | Reached skill level 25 in Stealth
 10388 | D        | Gained mutation: Armour fits poorly on your strangely shaped body. [mutagenic glow]
 11121 | D        | Noticed a quicksilver dragon
 11130 | D        | Killed a quicksilver dragon
 11240 | D        | Killed a golden dragon
 11438 | D        | Killed a titan
 12010 | D        | Killed a golden dragon
 12010 | D        | Reached skill level 10 in Evocations
 12101 | D        | Killed a shadow dragon
 12148 | D        | Got a silver rune of Zot
 12171 | D        | Got a jewelled cloak
 12183 | D        | Identified the +0 cloak "Wossenef" {rPois Dex+3} (You acquired it in the Dungeon)
 12184 | D        | Got a shimmering buckler
 12195 | D        | Identified the +0 buckler of the Imp {*Drain rC++ Regen+ Str+3} (You acquired it in the Dungeon)
 12196 | D        | Got a heavily runed glass ring
 12198 | D        | Identified the ring "Nynunah" {Fire Int+5 Stlth+} (You acquired it in the Dungeon)
 12212 | D        | Got a pitted wooden ring
 12214 | D        | Identified the ring of the Briny Deep {Ice MP+9 Str+2} (You acquired it in the Dungeon)
 12329 | D        | Bought a scroll of enchant weapon for 105 gold pieces
 12329 | D        | Bought a scroll of recharging for 133 gold pieces
 12331 | D        | Bought a scroll of enchant armour for 97 gold pieces
 12331 | D        | Bought 2 scrolls of recharging for 247 gold pieces
 12706 | D        | Noticed Boris
 12709 | D        | Killed Boris
 12969 | D        | Found Estrast's Gadget Emporium.
 12969 | D        | Found Juigho's Food Shop.
 12969 | D        | Found Cawededi's Gadget Shop.
 12969 | D        | Found Hidu's Gadget Shoppe.
 12983 | D        | Found Jigruitto's Food Boutique.
 13048 | D        | Reached skill level 26 in Stealth
 13249 | D        | Noticed Roxanne
 13255 | D        | Killed Roxanne
 13255 | D        | Reached skill level 10 in Shields
 13495 | D        | Noticed Mara
 13497 | D        | Killed Mara
 13616 | D        | Noticed an ancient champion
 13617 | D        | Killed an ancient champion
 13688 | D        | Bought a scroll of remove curse for 39 gold pieces
 13872 | D        | Noticed a storm dragon
 13873 | D        | Noticed Nikola
 13888 | D        | Killed from afar by Nikola

Vault maps used:
D:        dungeon_sprint_mu

Action                   |  1- 3 |  4- 6 |  7- 9 | 10-12 | 13-15 | 16-18 || total
-------------------------+-------+-------+-------+-------+-------+-------++-------
Melee: Dagger            |     9 |    17 |    14 |    99 |   144 |       ||   283
       Rapier            |       |       |       |       |   344 |   175 ||   519
Throw: Throwing net      |       |       |       |       |     3 |       ||     3
 Cast: Ensorcelled Hiber |       |     6 |     4 |    55 |    14 |     5 ||    84
       Dazzling Spray    |       |    13 |     4 |    19 |   108 |    39 ||   183
       Confuse           |       |     1 |       |     2 |     6 |     7 ||    16
       Tukima's Dance    |       |       |       |       |    15 |     6 ||    21
       Passage of Golubr |       |       |       |       |     4 |       ||     4
       Invisibility      |       |       |       |       |     5 |     2 ||     7
       Lee's Rapid Decon |       |       |       |       |    12 |    13 ||    25
       Darkness          |       |       |       |       |     4 |     2 ||     6
       Cause Fear        |       |       |       |       |     3 |     1 ||     4
       Discord           |       |       |       |       |     1 |     2 ||     3
       Deflect Missiles  |       |       |       |       |     1 |       ||     1
       Passwall          |       |       |       |       |       |     4 ||     4
Invok: Shadow Step       |       |       |       |    17 |    14 |     3 ||    34
       Shadow Form       |       |       |       |       |     1 |       ||     1
 Abil: Evoke Flight      |       |       |       |       |     3 |     1 ||     4
Evoke: Wand              |       |       |       |       |     1 |     3 ||     4
  Use: Scroll            |       |     5 |       |       |    11 |    15 ||    31
       Potion            |       |     3 |     1 |       |     5 |       ||     9
 Stab: Sleeping          |     4 |     6 |    14 |    78 |    84 |    21 ||   207
       Confused          |       |     1 |       |     2 |     1 |     2 ||     6
       Invisible         |       |       |       |     1 |    11 |     4 ||    16
       Held in net/web   |       |       |       |       |     2 |       ||     2
       Distracted        |       |       |       |       |       |     5 ||     5
  Eat: Bread ration      |       |       |       |       |     2 |     1 ||     3
       Fruit             |       |       |       |       |     1 |       ||     1
